 Dungeon Crawl Stone Soup version 0.24-a0-375-g4de66ed42b (webtiles) character file.

Game seed: 17539375327329439132

279 Eurus the Cutter (level 6, -3/38 HPs)
             Began as a Kobold Monk on May 31, 2019.
             Slain by Grinder (8 damage)
             ... on level 3 of the Dungeon.
             The game lasted 00:08:41 (4262 turns).

Eurus the Cutter (Kobold Monk)                      Turns: 4262, Time: 00:08:42

Health: -3/38      AC:  3    Str:  8    XL:     6   Next: 52%
Magic:  6/6        EV: 18    Int: 12    God:
Gold:   153        SH:  0    Dex: 19    Spells: 5/5 levels left

rFire    . . .     SeeInvis .   a - +0 short sword
rCold    . . .     Gourm    .   (shield restricted)
rNeg     . . .     Faith    .   b - +0 robe
rPois    .         Spirit   .   (no helmet)
rElec    .         Reflect  .   r - +0 cloak
rCorr    .         Harm     .   (no gloves)
MR       .....                  (no boots)
Stlth    +++.......             (no amulet)
HPRegen  0.12/turn              (no ring)
MPRegen  0.10/turn              (no ring)

@: no status effects
A: small, carnivore
a: no special abilities


You were on level 3 of the Dungeon.
You were completely stuffed.

You visited 1 branch of the dungeon, and saw 3 of its levels.

You collected 153 gold pieces.

Inventory:

Hand Weapons
 a - a +0 short sword (weapon)
Missiles
 j - 29 stones (quivered)
Armour
 b - a +0 robe (worn)
 r - a +0 cloak (worn)
Jewellery
 h - an uncursed ring of fire {unknown}
Scrolls
 d - a scroll of amnesia {unknown}
 e - 3 scrolls of teleportation {unknown}
 i - 2 scrolls of identify {unknown}
 l - 2 scrolls of enchant armour {unknown}
Potions
 f - a potion of magic
 k - a potion of cancellation {unknown}
 m - a potion of brilliance {unknown}
 n - a potion of invisibility {unknown}
 o - a potion of might {unknown}
 p - a potion of curing {unknown}
 q - a potion of haste {unknown}
Comestibles
 c - 5 rations
 g - 6 chunks of flesh


   Skills:
 + Level 4.0 Fighting
 + Level 6.0 Short Blades
 * Level 2.7 Throwing
 + Level 4.6 Dodging
 + Level 4.6 Stealth


You had 5 spell levels left.
You didn't know any spells.
Your spell library was empty.

Dungeon Overview and Level Annotations

Branches:
Dungeon (3/15)

Altars:
Vehumet
Xom

Annotations:
D:3 Grinder, Purgy, Sigmund


Innate Abilities, Weirdness & Mutations

You are small and have problems with some larger weapons.
You are carnivorous and can eat meat at any time.


Message History

The gnoll is severely wounded.
The gnoll misses you.
The gnoll hits you from afar with a +0 spear.
* * * LOW HITPOINT WARNING * * *
Grinder misses you.
You hit the gnoll.
The gnoll is almost dead.
The gnoll completely misses you. The gnoll misses you. Grinder gestures at you.
You resist with significant effort.
You hit the gnoll but do no damage.
The gnoll is almost dead.
The gnoll hits you.
* * * LOW HITPOINT WARNING * * *
The gnoll barely misses you.
You barely miss the gnoll.
The gnoll is almost dead.
Grinder says, "Are you a fish?" Grinder hits you!
You die...

#....###..)...#
#....# #.).#..# #
##....# ##..#..###
... #.#...#
#..#....
.....###.#...##
#..#..###
.....'.)....(.#
#..#..#
##...#####....#
#.....# #. #..5.#
#.##.)# ####@#
#.##..#
###g###.##..#
#.g......<#.#
#.######.##.#######
... #..#..)...<#
.K. ##.#.####..#
#.... #...# #..#
#... ##..# #..#
#... ....@......


You could see Grinder, 2 gnolls and a kobold.

Vanquished Creatures
  An orc wizard (D:2)
  Crazy Yiuf (D:2)
  A hound (D:2)
  Jessica (D:2)
  Terence (D:2)
  2 gnolls (D:3)
  3 adders
  An ooze (D:3)
  4 worms (D:2)
  4 dart slugs
  A leopard gecko (D:1)
  5 orcs
  2 ball pythons
  2 giant cockroaches
  8 goblins
  7 hobgoblins
  3 quokkas
  4 bats
  3 frilled lizards
  8 kobolds
  5 rats
67 creatures vanquished.

Notes
Turn   | Place    | Note
-------+----------+-------------------------------------------
     0 | D:1      | Eurus the Kobold Monk began the quest for the Orb.
     0 | D:1      | Reached XP level 1. HP: 14/14 MP: 1/1
   533 | D:1      | Reached XP level 2. HP: 19/19 MP: 2/2
  1075 | D:1      | Reached XP level 3. HP: 21/23 MP: 3/3
  1211 | D:1      | Reached skill level 1 in Throwing
  1918 | D:2      | HP: 1/23 [poisoned by an adder]
  2223 | D:2      | Found a shimmering altar of Xom.
  2223 | D:2      | Found a radiant altar of Vehumet.
  2237 | D:2      | Reached XP level 4. HP: 27/29 MP: 4/4
  3112 | D:2      | Noticed Terence
  3116 | D:2      | Killed Terence
  3116 | D:2      | Reached skill level 5 in Short Blades
  3116 | D:2      | Reached XP level 5. HP: 33/33 MP: 5/5
  3159 | D:2      | Noticed Jessica
  3211 | D:2      | Found a runed translucent door.
  3212 | D:2      | Noticed Crazy Yiuf
  3219 | D:2      | Killed Crazy Yiuf
  3403 | D:3      | Noticed Purgy
  3404 | D:3      | Noticed Sigmund
  3773 | D:2      | Killed Jessica
  3773 | D:2      | Reached XP level 6. HP: 38/38 MP: 6/6
  4232 | D:3      | Reached skill level 6 in Short Blades
  4246 | D:3      | Noticed Grinder
  4262 | D:3      | Slain by Grinder

Levels and vault maps discovered:
D:1:      ebering_hopf_link, layout_loops_ring
D:2:      layout_rooms, chequers_temple_overflow_statue_of_worship,
          item_on_display_a, uniq_crazy_yiuf_cottage, uniq_jessica, uniq_terence
D:3:      layout_basic, portal_sewer_entry_e, first_ration, uniq_purgy,
          uniq_grinder, uniq_sigmund

Skill      XL: |  1  2  3  4  5  6 |
---------------+-------------------+-----
Throwing       | 1 2 |  2.7
Stealth        | 3 4 |  4.6
Dodging        | 4 |  4.6
Short Blades   | 5 6 |  6.0
Fighting       | 4 |  4.0

Action                   |  1- 3 |  4- 6 || total
-------------------------+-------+-------++-------
Melee: Short sword       |   108 |   218 ||   326
Throw: Stone             |     4 |    18 ||    22
  Use: Potion            |     2 |       ||     2
 Stab: Sleeping          |     9 |     8 ||    17
  Eat: Chunk             |    11 |     8 ||    19
Armor: Robe              |     3 |    20 ||    23
Dodge: Dodged            |    78 |   145 ||   223

Table legend:
 A = Non-vault XP
 B = Vault XP
 C = Vault XP percentage of total XP
 D = Non-vault monster count
 E = Vault monster count
 F = Vault count percentage of total count
                 A         B        C        D         E       F
            +---------+---------+-------+---------+---------+-------
      Total |     284 |     115 |  28.8 |      64 |       3 |   4.5
            +---------+---------+-------+---------+---------+-------
        D:1 |      37 |       0 |   0.0 |      21 |       0 |   0.0
        D:2 |     176 |     115 |  39.5 |      29 |       3 |   9.4
        D:3 |      71 |       0 |   0.0 |      14 |       0 |   0.0
            +---------+---------+-------+---------+---------+-------
